Map: Efflorescence LE

Players

qqq - Winner!

  • Race: Zerg Zerg
  • Spawn Location: 3:00

Massa - Winner!

  • Race: Terran Terran
  • League: Platinum
  • Spawn Location: 12:00

ЯaТaмahaтТa

  • Race: Protoss Protoss
  • Spawn Location: 9:00

Gazmyas

  • Race: Protoss Protoss
  • League: Diamond
  • Spawn Location: 6:00

VOD

Have the link to the VOD?

Description

Time

  • Played on: Nov. 16, 2020, 2:10 p.m.
  • Length: 7:27
Show
View Real Time Build Order
Export as new Build Order

qqq Zerg - Winner!

Build Orders: Hatch First 

Get SALT Encoding   

  12  0:01  Drone  
  13  0:10  Drone  
  14  0:25  Overlord  
  14  0:47  Hatchery  
  13  0:58  Drone  
  14  1:08  Spawning Pool  
  13  1:11  Drone  
  13  1:15  Extractor  
  13  1:22  Drone  
  13  1:23  Drone  
  15  1:50  Drone x3  
  18  2:02  Drone  
  18  2:03  Queen  
  18  2:05  Drone  
  22  2:16  Queen  
  22  2:20  Drone  
  25  2:27  Overlord  
  25  2:33  Metabolic Boost  
  25  2:37  Drone  
  25  2:40  Zergling x2  
  25  2:43  Zergling x2  
  28  2:47  Zergling x2  
  28  2:49  Zergling x2  
  30  2:53  Zergling x2  
  30  2:55  Zergling x2  
  32  3:02  Extractor  
  32  3:04  Overlord  
  31  3:10  Zergling x2  
  31  3:11  Overlord  
  32  3:16  Zergling x2  
  32  3:17  Zergling x2  
  34  3:36  Zergling x4  
  34  3:37  Zergling x4  
  34  3:38  Drone  
  34  3:39  Zergling x2  
  40  3:50  Overlord  
  40  3:52  Zergling x2, Overlord  
  40  3:53  Zergling x2  
  43  3:55  Zergling x2  
  43  4:04  Lair  
  43  4:08  Zergling x2  
  43  4:09  Drone  
  45  4:19  Zergling x2  
  45  4:20  Drone  
  47  4:27  Zergling x4  
  47  4:28  Zergling x2  
  49  4:41  Zergling x4  
  49  4:42  Zergling x2  
  43  4:48  Zergling x2  
  43  4:49  Zergling x12  
  45  4:58  Zergling x2  
  43  5:19  Zergling x2  
  43  5:20  Zergling x2  
  41  5:38  Zergling x8  
  41  5:39  Zergling x12  
  41  5:40  Zergling x2  
  49  5:53  Zergling x4  
  47  6:06  Zergling x2  
  47  6:08  Zergling x2  
  46  6:13  Zergling x2  
  46  6:14  Zergling x2  
  42  6:47  Hatchery  
  42  6:54  Zergling x8  
  40  6:55  Zergling x4  
  39  7:05  Zergling x6  
  39  7:06  Zergling x6  
Show
View Real Time Build Order
Export as new Build Order

Massa Terran - Winner!

Build Orders:  

Get SALT Encoding   

  12  0:00  SCV  
  13  0:12  SCV  
  14  0:17  Supply Depot  
  14  0:24  SCV  
  15  0:39  SCV  
  15  0:40  Barracks  
  16  0:51  SCV  
  16  0:57  Supply Depot  
  17  1:03  SCV  
  18  1:08  Barracks  
  18  1:12  Refinery  
  18  1:15  SCV  
  19  1:27  SCV  
  20  1:36  Barracks  
  20  1:41  Orbital Command  
  20  1:51  Barracks Tech Lab  
  20  1:55  Marine  
  21  2:13  Marine  
  22  2:23  Marine  
  22  2:24  Stimpack  
  22  2:26  Marine  
  22  2:27  Supply Depot  
  24  2:30  Marine  
  25  2:41  Marauder  
  25  2:43  Marine  
  28  2:48  Marine  
  28  2:50  Supply Depot  
  29  3:01  Marine  
  29  3:03  Marauder  
  32  3:06  Marine  
  33  3:13  Supply Depot  
  33  3:19  Marine  
  34  3:24  Marauder, Marine  
  37  3:36  Supply Depot  
  37  3:37  Marine  
  38  3:42  Marine  
  38  3:46  Marauder  
  41  3:55  Marine  
  42  3:59  SCV, Marine  
  44  4:04  Concussive Shells  
  44  4:07  Marauder  
  46  4:11  SCV, Command Center  
  46  4:12  Marine  
  48  4:17  Marine  
  48  4:18  Factory  
  48  4:23  SCV  
  50  4:28  Marauder  
  48  5:06  Marauder, Marine x2  
  46  5:24  Marine x2  
  46  5:27  Marauder  
  47  5:34  Orbital Command, SCV  
  47  5:41  Marine  
  47  5:42  Marine  
  48  5:46  SCV  
  48  5:49  Marauder  
  51  5:59  SCV, Marine  
  53  6:10  Marauder  
  53  6:11  SCV, Marine  
  56  6:17  Marine  
  56  6:18  Factory Tech Lab  
  58  6:29  Marine  
  58  6:31  Marauder  
  61  6:35  Marine  
  55  6:47  Marine  
  55  6:53  Marauder, Marine  
  59  7:05  Marine  
Show
View Real Time Build Order
Export as new Build Order

ЯaТaмahaтТa Protoss 

Build Orders:  

Get SALT Encoding   

  12  0:02  Probe  
  13  0:14  Probe  
  13  0:19  Pylon  
  14  0:26  Probe  
  15  0:38  Probe  
  16  0:43  Gateway  
  16  0:47  Assimilator  
  16  0:50  Probe  
  17  1:03  Probe (Chrono Boost)  
  18  1:05  Assimilator  
  18  1:15  Probe (Chrono Boost)  
  19  1:23  Gateway  
  19  1:28  Pylon  
  19  1:33  Cybernetics Core  
  19  1:35  Probe  
  20  1:48  Probe  
  20  1:54  Pylon  
  21  2:00  Probe  
  21  2:01  Zealot (Chrono Boost)  
  23  2:09  Warp Gate  
  23  2:13  Probe  
  23  2:14  Adept (Chrono Boost)  
  26  2:23  Robotics Facility  
  26  2:25  Probe  
  28  2:37  Probe  
  28  2:46  Adept x2  
  32  3:07  Nexus  
  32  3:17  Observer (Chrono Boost)  
  33  3:23  Pylon  
  33  3:24  Probe  
  34  3:34  Pylon  
  34  3:36  Probe  
  35  3:48  Probe  
  36  3:54  Shield Battery  
  36  3:55  Immortal (Chrono Boost)  
  40  4:10  Assimilator  
  40  4:21  Gateway  
  40  4:23  Gateway  
  38  4:45  Adept x2  
  32  5:27  Adept x4  
  36  5:29  Immortal (Chrono Boost)  
  36  5:52  Adept x4  
  40  6:08  Shield Battery  
  32  6:13  Adept x4  
  37  6:34  Adept x2  
  34  6:50  Adept x2  
  34  7:01  Sentry x2  
  34  7:10  Adept x2  
Show
View Real Time Build Order
Export as new Build Order

Gazmyas Protoss 

Build Orders:  

Get SALT Encoding   

  12  0:01  Probe  
  13  0:14  Probe  
  14  0:30  Pylon  
  14  0:34  Probe  
  15  0:49  Probe (Chrono Boost)  
  16  0:50  Gateway  
  17  0:57  Probe (Chrono Boost)  
  17  0:59  Assimilator  
  17  1:03  Probe  
  17  1:06  Assimilator  
  18  1:13  Gateway  
  18  1:18  Probe  
  19  1:25  Pylon  
  19  1:30  Probe  
  20  1:42  Probe, Cybernetics Core  
  21  1:57  Probe  
  22  2:05  Pylon  
  22  2:09  Probe  
  23  2:19  Stalker  
  23  2:21  Probe, Sentry  
  28  2:23  Warp Gate  
  28  2:30  Robotics Facility  
  28  2:39  Probe  
  29  2:47  Stalker  
  29  2:51  Probe, Zealot  
  34  3:05  Probe  
  35  3:12  Pylon  
  35  3:15  Immortal (Chrono Boost)  
  39  3:28  Pylon  
  39  3:32  Adept  
  41  3:36  Sentry  
  43  3:48  Immortal (Chrono Boost)  
  47  4:08  Pylon  
  47  4:15  Adept x2  
  52  4:42  Adept x2  
  21  5:15  Pylon  
  21  5:20  Pylon  
  4  5:45  Adept  
  4  5:48  Sentry  
Tags
 
Add a new tag
Caveats
  • Supply blocks, unpowered buildings, or Contaminate may cause inaccurate times.
  • Supply counts are checked every 10 seconds.